 Dungeon Crawl Stone Soup version 0.30-a0-626-gd6a5dd7a1f (console) character file.

Game seed: 10507208493755693188

7 Ignak the Sneak (level 2, 17/17 HPs)
             Began as an Octopode Enchanter on Jan 11, 2023.
             Was a Follower of Elyvilon.
             Quit the game on level 1 of the Dungeon.
             The game lasted 00:01:09 (119 turns).

Ignak the Sneak (Octopode Enchanter)                 Turns: 119, Time: 00:01:10

Health: 17/17      AC:  1    Str:  7    XL:     2   Next: 0%
Magic:  5/5        EV: 13    Int: 17    God:    Elyvilon [*.....]
Gold:   23         SH:  0    Dex: 12    Spells: 5/5 levels left

rFire   . . .      SeeInvis .    a - +1 dagger
rCold   . . .      Faith    .    (no shield)
rNeg    . . .      Spirit   .    (helmet restricted)
rPois   .          Reflect  .    (no amulet)
rElec   .          Harm     .    (no ring)
rCorr   .          Rampage  .    (no ring)
Will    .....                    (no ring)
Stlth   +++                      (no ring)
HPRegen 0.22/turn                (no ring)
MPRegen 0.09/turn                (no ring)
                                 (no ring)
                                 (no ring)

@: no status effects
A: almost no armour, amphibious, 8 rings, camouflage 1, gelatinous body 1,
(nimble swimmer 1), tentacles
a: Renounce Religion, Purification


You were on level 1 of the Dungeon.
You worshipped Elyvilon.
Elyvilon was aware of your devotion.
You visited 1 branch of the dungeon, and saw 1 of its levels.

You collected 23 gold pieces.

Inventory:

Hand Weapons
 a - a +1 dagger (weapon)
Potions
 b - 2 potions of invisibility
 c - a potion of ambrosia {unknown}


   Skills:
 + Level 0.2 Fighting
 + Level 1.1 Short Blades
 * Level 2.1 Dodging
 * Level 4.1 Stealth
 + Level 0.2 Unarmed Combat
 + Level 2.0 Spellcasting
 + Level 3.0 Hexes


You had 5 spell levels left.
You didn't know any spells.
Your spell library contained the following spells:

 Spells                   Type           Power      Damage    Failure   Level
 Ensorcelled Hibernation  Hex/Ice        12%        N/A       16%         2
 Confusing Touch          Hex            12%        N/A       16%         3
 Tukima's Dance           Hex            12%        N/A       16%         3
 Dazzling Flash           Conj/Hex       12%        N/A       30%         3


Dungeon Overview and Level Annotations

Branches:
Dungeon (1/15)

Altars:
Elyvilon


Innate Abilities, Weirdness & Mutations

You cannot wear most types of armour.
You are amphibious.
You can wear up to eight rings at the same time.
Your skin changes colour to match your surroundings (Stealth+).
Your rubbery body absorbs attacks. (AC +1, EV +1)
((You are camouflaged when in or above water. (Stealth+)))
You have tentacles for arms and can constrict up to eight enemies at once.


Message History

You kill the hobgoblin!
You hit the endoplasm. You squeeze the endoplasm.
You kill the endoplasm!
You hit the goblin.
You kill the goblin!
Things that are here:
a +0 club; a goblin corpse; a hobgoblin corpse You start resting.
HP restored.
c - a puce potion You see here a +0 dagger.
You now have 13 gold pieces.
A rat comes into view.
A rat comes into view.
Found 3 stones.
Found a faded altar of an unknown god.
The rat moves out of view.
Found a dagger and 10 gold pieces.
You closely miss the rat. You grab the rat. You constrict the rat.
The rat completely misses you.
You hit the rat.
You kill the rat!
The rat closely misses you.
You hit the rat.
You kill the rat!
You have reached level 2!
You now have 23 gold pieces (gained 10).
You see here a +0 dagger.
You see here 3 stones.
You see here a rat corpse.
You see here a rat corpse.
Found a scroll labelled YREQOV BUEZEHE.
There is a faded altar of an unknown god here.
Found a stone staircase leading down.
There is a faded altar of an unknown god here.
This altar belongs to (a) Ru, (b) Elyvilon or (c) Ignis, but you can't tell which.
Press the corresponding letter to learn more about a god, or press enter to convert or escape to cancel.
Elyvilon accepts your prayer! Elyvilon welcomes you!
You can now purify yourself.
Okay, then.
Are you sure you want to abandon this character and quit the game? (Confirm with "yes".)

#.# #.##..#..)...#
#..# ##.##.#######.#
#..##.....### #...#
###......#...###.###
...?..........##.#
##.......)..†#.#
##..............#
#>..........(†#.#
#.##.....@...##...
##...#_..##..###
######### .## . #.


There were no monsters in sight!

Vanquished Creatures
  An endoplasm (D:1)
  A goblin (D:1)
  A hobgoblin (D:1)
  A quokka (D:1)
  2 rats (D:1)
6 creatures vanquished.

Notes
Turn   | Place    | Note
-------+----------+-------------------------------------------
     0 | D:1      | Ignak the Octopode Enchanter began the quest for the Orb.
     0 | D:1      | Reached XP level 1. HP: 11/11 MP: 3/3
    90 | D:1      | Found a faded altar of an unknown god.
    95 | D:1      | Reached XP level 2. HP: 17/17 MP: 5/5
   117 | D:1      | Prayed at the altar of an unknown god.
   117 | D:1      | Became a worshipper of Elyvilon the Healer
   117 | D:1      | Reached * piety under Elyvilon
   119 | D:1      | Quit the game

Illustrated notes

Levels and vault maps discovered:
D:1:      tarquinn_simple_flora_water_f, layout_rooms, basic_ecumenical_altar,
          serial_shops, shop_fountains, grunt_decor_one_mirror

Action                   || total
-------------------------++-------
Melee: Dagger            ||    10
       Constrict         ||     3
       Tentacles         ||     3
       Punch             ||     1
Dodge: Dodged            ||     8

Table legend: (Time is in decaauts)
 A = Elapsed time spent in this place.
 B = Non-inter-level travel time spent in this place.
 C = Inter-level travel time spent in this place.
 D = Time resting spent in this place.
 E = Time spent auto-exploring this place.
 F = Levels seen in this place.
 G = Mean time per level.
                   A        B        C        D        E       F      G
               +--------+--------+--------+--------+--------+-----+--------+
         Total |    118 |    118 |      0 |     13 |     38 |   1 |  118.0 |
       Dungeon |    118 |    118 |      0 |     13 |     38 |   1 |  118.0 |
               +--------+--------+--------+--------+--------+-----+--------+

Top non-repeatable levels by time:
     D:1: 118 daAuts
